Flyers vs Maple Leafs
(R1)
Created - October 31, 2024 at 19:46
Goals
|
| Flyers |
0 |
1 |
1 |
2 |
| Maple Leafs |
2 |
2 |
0 |
4 |
|
Shots
|
| Flyers |
4 |
6 |
17 |
27 |
| Maple Leafs |
10 |
6 |
13 |
29 |
|
1st period
1. Maple Leafs , Jason Zucker 2 (Elias Pettersson 2) at 0:16
2. Maple Leafs , Evander Kane 4 (Andre Burakovsky 7, Bo Horvat 4) at 8:10 (PP)
Penalties :
Kasperi Kapanen (Phi) for Holding (Minor) at 7:16, Pontus Aberg (TOR) for Hooking (Minor) at 11:41, Andre Burakovsky (TOR) for Tripping (Minor) at 14:34
2nd period
3. Maple Leafs , Pontus Aberg 1 (Tyler Benson 1, Sam Bennett 1) at 18:27
4. Maple Leafs , Zach Werenski 4 (Evander Kane 8, Andre Burakovsky 8) at 18:45
5. Flyers , Nick Ritchie 4 (Jordan Nolan 5, Kasperi Kapanen 3) at 19:03
Penalties :
Jacob Trouba (Phi) for Tripping (Minor) at 6:52, Zach Werenski (TOR) for Slashing (Double Minor) at 10:40
3rd period
6. Flyers , Nick Ritchie 5 (Kasperi Kapanen 4) at 9:09
Penalties :
Evander Kane (TOR) for Tripping (Minor) at 2:38, Andre Burakovsky (TOR) for Interference (Minor) at 12:08, Jakub Voracek (Phi) for Interference (Minor) at 18:56
Goalie Stats
Ilya Sorokin (Phi), 12 saves from 16 shots - (0.750), L, 2-2-0, 38:45 minutes
Steve Mason (Phi), 13 saves from 13 shots - (1.000), 21:15 minutes
Kristers Gudlevskis (TOR), 25 saves from 27 shots - (0.926), W, 3-0-1, 60:00 minutes
Players Stats for Flyers
Player Name G A P +/- PIM S H SB GA TA FO MP PP MP PK MP
------------------------------------------------------------------------------------
Brian Lashoff 0 0 0 2 0 1 2 1 0 0 0/0 25:48 5:11 1:38
Brock Nelson 0 0 0 0 0 1 0 0 1 0 0/0 8:50 0:56 0:16
Cal Foote 0 0 0 -1 0 1 0 1 0 1 0/0 11:55 0:25 0:02
Calle Jarnkrok 0 0 0 -2 0 1 3 0 1 0 7/12 18:55 5:31 1:00
Ivan Provorov 0 0 0 -2 0 0 2 0 2 0 0/0 22:22 5:45 2:18
Jacob Trouba 0 0 0 2 2 3 0 2 2 3 0/0 24:54 5:23 0:40
Jake Dotchin 0 0 0 -1 0 0 0 4 0 1 0/0 12:51 0:59 1:01
Jakub Voracek 0 0 0 0 2 1 1 0 0 0 2/3 11:13 0:56 0:00
Jordan Nolan 0 1 1 1 0 4 1 2 0 0 9/24 19:40 5:28 0:40
Kasperi Kapanen 0 2 2 1 2 1 2 1 0 0 1/1 19:06 5:28 0:00
Max Pacioretty 0 0 0 -2 0 1 1 0 0 1 1/1 20:43 5:31 2:38
Michael Bournival 0 0 0 0 0 0 0 0 0 0 0/0 10:59 0:00 0:33
Nathan Beaulieu 0 0 0 -2 0 1 2 2 0 1 0/0 22:10 6:07 2:13
Nick Ritchie 2 0 2 1 0 4 2 0 0 0 0/1 18:59 5:28 0:00
Niclas Bergfors 0 0 0 0 0 0 1 0 0 0 0/0 8:20 0:33 0:00
Patrice Bergeron 0 0 0 0 0 2 0 1 1 0 4/11 13:34 0:23 2:45
Travis Konecny 0 0 0 -2 0 5 1 0 1 0 0/0 17:55 5:31 0:00
Travis Zajac 0 0 0 0 0 1 1 0 0 0 1/3 7:47 0:00 0:00
Players Stats for Maple Leafs
Player Name G A P +/- PIM S H SB GA TA FO MP PP MP PK MP
------------------------------------------------------------------------------------
Andre Burakovsky 0 2 2 -1 4 5 1 0 2 1 3/3 18:21 1:53 0:00
Ben Smith 0 0 0 1 0 0 4 1 1 1 1/2 18:55 1:40 6:03
Bo Horvat 0 1 1 -1 0 5 1 1 0 1 13/22 21:04 1:53 2:16
Brandon Saad 0 0 0 0 0 0 0 0 0 0 0/0 9:13 0:23 1:59
Brendan Guhle 0 0 0 1 0 0 0 1 0 0 0/0 14:13 0:00 4:39
Elias Pettersson 0 1 1 1 0 1 1 0 1 1 5/11 13:22 1:40 0:29
Evander Kane 1 1 2 -1 2 5 1 0 0 0 1/2 21:12 1:53 3:04
Haydn Fleury 0 0 0 1 0 0 1 1 0 0 0/0 16:16 0:00 6:58
Jason Zucker 1 0 1 1 0 2 0 0 1 0 0/0 12:52 1:40 0:00
John Klingberg 0 0 0 1 0 1 0 0 0 0 0/0 18:55 2:56 0:59
Jon Merrill 0 0 0 -1 0 1 1 2 1 1 0/0 27:26 1:00 7:02
Luke Schenn 0 0 0 1 0 0 1 0 0 1 0/0 20:07 1:00 4:12
Nicholas Baptiste 0 0 0 0 0 0 1 0 0 0 0/0 6:33 0:23 0:00
Patrice Cormier 0 0 0 0 0 1 1 0 0 0 4/7 12:23 0:00 6:13
Pontus Aberg 1 0 1 1 2 2 2 0 0 0 0/0 10:15 0:00 0:00
Sam Bennett 0 1 1 1 0 1 0 0 0 0 4/9 14:00 0:23 3:46
Tyler Benson 0 1 1 1 0 1 1 0 0 0 0/0 9:51 0:00 0:00
Zach Werenski 1 0 1 -1 4 4 4 1 1 2 0/0 23:02 2:56 0:00
3 Stars
1 - Nick Ritchie (Phi)
2 - Jason Zucker (TOR)
3 - Pontus Aberg (TOR)
Power Play
Flyers - 0 on 6 Attempt(s) - 0.00%
Maple Leafs - 1 on 3 Attempt(s) - 33.33%
Penalty Kill
Flyers - 2 on 3 Attempt(s) - 66.67%
- Score 0 goal in Penalty Kill
Maple Leafs - 6 on 6 Attempt(s) - 100.00%
- Score 0 goal in Penalty Kill
Team Stat
Flyers - Hits : 19 - Faceoff Wins : 25 - Blocked Shots : 14 - Penalty Minutes : 6
Maple Leafs - Hits : 20 - Faceoff Wins : 31 - Blocked Shots : 7 - Penalty Minutes : 12
Official
Referees : Kevin Pollock and Tom Chmielewski
Linesman : Brandon Gawryletz and Scott Cherrey
Game Notes
Steve Mason enters game at 18:45 of 2nd period
Finance
Level 1 -- Attendance: 5675 (94.58%) -- Ticket Income $567,500
Level 2 -- Attendance: 5000 (100.00%) -- Ticket Income $350,000
Level 3 -- Attendance: 2000 (100.00%) -- Ticket Income $80,000
Level 4 -- Attendance: 4000 (100.00%) -- Ticket Income $120,000
Luxury Box -- Attendance: 1000 (100.00%) -- Ticket Income $200,000
Game was played at the Scotiabank Arena.
Total Attendance: 17675 (98.19%)
Total Ticket Income: $1,317,500
Other Income: $197,625
Total Income: $1,515,125
Flyers
5 vs 5 Forward
Center Left Wing Right Wing Time % Phy DF OF
1 Jordan Nolan Nick Ritchie Kasperi Kapanen 35 1 1 3
2 Calle Jarnkrok Max Pacioretty Travis Konecny 33 1 1 3
3 Patrice Bergeron Michael Bournival Jakub Voracek 22 2 2 1
4 Travis Zajac Brock Nelson Niclas Bergfors 10 1 2 2
5 vs 5 Defense
Defense Defense Time % Phy DF OF
1 Jacob Trouba Brian Lashoff 35 1 3 1
2 Nathan Beaulieu Ivan Provorov 30 1 3 1
3 Jake Dotchin Cal Foote 25 1 3 1
4 Jacob Trouba Brian Lashoff 10 1 3 1
PowerPlay Forward
Center Left Wing Right Wing Time % Phy DF OF
1 Jordan Nolan Nick Ritchie Kasperi Kapanen 51 1 1 3
2 Calle Jarnkrok Max Pacioretty Travis Konecny 49 1 1 3
PowerPlay Defense
Defense Defense Time % Phy DF OF
1 Jacob Trouba Brian Lashoff 51 1 1 3
2 Nathan Beaulieu Ivan Provorov 49 1 1 3
Penalty Kill 4 Players Forward
Center Wing Time % Phy DF OF
1 Patrice Bergeron Max Pacioretty 60 1 4 0
2 Calle Jarnkrok Michael Bournival 40 1 4 0
Penalty Kill 4 Players Defense
Defense Defense Time % Phy DF OF
1 Jacob Trouba Brian Lashoff 60 1 4 0
2 Nathan Beaulieu Ivan Provorov 40 1 4 0
Penalty Kill - 3 Players Forward
Forward Time % Phy DF OF
1 Patrice Bergeron 60 1 4 0
2 Calle Jarnkrok 40 1 4 0
Penalty Kill - 3 Players Defense
Defense Defense Time % Phy DF OF
1 Jacob Trouba Brian Lashoff 60 1 4 0
2 Nathan Beaulieu Ivan Provorov 40 1 4 0
4 vs 4 Forward
Center Wing Time % Phy DF OF
1 Jordan Nolan Nick Ritchie 60 1 1 3
2 Calle Jarnkrok Kasperi Kapanen 40 1 1 3
4 vs 4 Defense
Defense Defense Time % Phy DF OF
1 Jacob Trouba Brian Lashoff 60 1 3 1
2 Nathan Beaulieu Ivan Provorov 40 1 3 1
Last Minutes Offensive
Center Left Wing Right Wing Defense Defense
Jordan Nolan Nick Ritchie Kasperi Kapanen Jacob Trouba Brian Lashoff
Last Minutes Defensive
Center Left Wing Right Wing Defense Defense
Jordan Nolan Nick Ritchie Kasperi Kapanen Jacob Trouba Brian Lashoff
Goaltenders
Starting : Ilya Sorokin
Backup : Steve Mason
Extra Forwards
Normal : Jordan Nolan, Jakub Voracek, Kasperi Kapanen - PP : Kasperi Kapanen, Jakub Voracek - PK : Jordan Nolan
Extra Defensemen
Normal : Jacob Trouba, Brian Lashoff, Nathan Beaulieu - PP : Jacob Trouba - PK : Jacob Trouba, Nathan Beaulieu
Penalty Shots
Niclas Bergfors, Kasperi Kapanen, Jordan Nolan, Travis Konecny, Nick Ritchie
Custom OT Lines Forwards
Jordan Nolan, Nick Ritchie, Kasperi Kapanen, Jakub Voracek, Calle Jarnkrok, Max Pacioretty, Niclas Bergfors, Travis Konecny, Patrice Bergeron, Michael Bournival
Custom OT Lines Defensemen
Jacob Trouba, Brian Lashoff, Nathan Beaulieu, Ivan Provorov, Jake Dotchin
Scratches
None
Maple Leafs
5 vs 5 Forward
Center Left Wing Right Wing Time % Phy DF OF
1 Bo Horvat Evander Kane Andre Burakovsky 40 1 2 2
2 Elias Pettersson Jason Zucker Ben Smith 30 1 2 2
3 Sam Bennett Tyler Benson Pontus Aberg 20 1 2 2
4 Patrice Cormier Brandon Saad Nicholas Baptiste 10 1 2 2
5 vs 5 Defense
Defense Defense Time % Phy DF OF
1 Zach Werenski Jon Merrill 40 1 2 2
2 John Klingberg Luke Schenn 30 1 2 2
3 Haydn Fleury Brendan Guhle 20 1 2 2
4 Zach Werenski Jon Merrill 10 1 2 2
PowerPlay Forward
Center Left Wing Right Wing Time % Phy DF OF
1 Bo Horvat Evander Kane Andre Burakovsky 60 1 2 2
2 Elias Pettersson Jason Zucker Ben Smith 40 1 2 2
PowerPlay Defense
Defense Defense Time % Phy DF OF
1 Zach Werenski John Klingberg 60 1 2 2
2 Jon Merrill Luke Schenn 40 1 2 2
Penalty Kill 4 Players Forward
Center Wing Time % Phy DF OF
1 Patrice Cormier Ben Smith 60 1 2 2
2 Sam Bennett Evander Kane 40 1 2 2
Penalty Kill 4 Players Defense
Defense Defense Time % Phy DF OF
1 Haydn Fleury Jon Merrill 60 1 2 2
2 Brendan Guhle Luke Schenn 40 1 2 2
Penalty Kill - 3 Players Forward
Forward Time % Phy DF OF
1 Evander Kane 60 1 2 2
2 Bo Horvat 40 1 2 2
Penalty Kill - 3 Players Defense
Defense Defense Time % Phy DF OF
1 Haydn Fleury Jon Merrill 60 1 2 2
2 Brendan Guhle Luke Schenn 40 1 2 2
4 vs 4 Forward
Center Wing Time % Phy DF OF
1 Bo Horvat Evander Kane 60 1 2 2
2 Elias Pettersson Andre Burakovsky 40 1 2 2
4 vs 4 Defense
Defense Defense Time % Phy DF OF
1 Zach Werenski Jon Merrill 60 1 2 2
2 John Klingberg Luke Schenn 40 1 2 2
Last Minutes Offensive
Center Left Wing Right Wing Defense Defense
Bo Horvat Evander Kane Andre Burakovsky Zach Werenski John Klingberg
Last Minutes Defensive
Center Left Wing Right Wing Defense Defense
Patrice Cormier Evander Kane Ben Smith Jon Merrill Haydn Fleury
Goaltenders
Starting : Kristers Gudlevskis
Backup : Carter Hutton
Extra Forwards
Normal : Elias Pettersson, Sam Bennett, Evander Kane - PP : Sam Bennett, Jason Zucker - PK : Bo Horvat
Extra Defensemen
Normal : Haydn Fleury, Zach Werenski, John Klingberg - PP : Haydn Fleury - PK : Brendan Guhle, John Klingberg
Penalty Shots
Evander Kane, Elias Pettersson, Andre Burakovsky, Bo Horvat, Jason Zucker
Custom OT Lines Forwards
Evander Kane, Bo Horvat, Andre Burakovsky, Ben Smith, Jason Zucker, Sam Bennett, Brandon Saad, Elias Pettersson, Tyler Benson, Pontus Aberg
Custom OT Lines Defensemen
Zach Werenski, Jon Merrill, John Klingberg, Luke Schenn, Haydn Fleury
Scratches
Valentin Zykov (Chest/Ribs Injury)
% Time on Ice - Flyers
Lines # - Real PCT - Wanted PCT - Time Play
Normal Forward
1 - 31% - 35% - 13:32
2 - 28% - 33% - 12:24
3 - 24% - 22% - 10:26
4 - 18% - 10% - 7:47
Normal Defense
1 - 37% - 35% - 16:12
2 - 31% - 30% - 13:50
3 - 26% - 25% - 11:17
4 - 6% - 10% - 2:50
PP Forward
1 - 54% - 51% - 6:24
2 - 46% - 49% - 5:31
PP Defense
1 - 49% - 51% - 5:48
2 - 51% - 49% - 6:07
PK Forward
1 - 86% - 60% - 3:23
2 - 14% - 40% - 0:33
PK Defense
1 - 67% - 60% - 2:39
2 - 33% - 40% - 1:17
PK3 Forward
1 - 0% - 60%
2 - 0% - 40%
PK3 Defense
1 - 0% - 60%
2 - 0% - 40%
44 Forward
1 - 0% - 60%
2 - 0% - 40%
44 Defense
1 - 0% - 60%
2 - 0% - 40%
Last Minute Offensive - 0:00
Last Minute Defensive - 0:00
Total
Forward - 60:00
Defense - 60:00
|
% Time on Ice - Maple Leafs
Lines # - Real PCT - Wanted PCT - Time Play
Normal Forward
1 - 38% - 40% - 16:56
2 - 25% - 30% - 11:12
3 - 22% - 20% - 9:51
4 - 14% - 10% - 6:10
Normal Defense
1 - 42% - 40% - 18:25
2 - 35% - 30% - 15:23
3 - 21% - 20% - 9:06
4 - 3% - 10% - 1:15
PP Forward
1 - 58% - 60% - 2:16
2 - 42% - 40% - 1:40
PP Defense
1 - 75% - 60% - 2:56
2 - 25% - 40% - 1:00
PK Forward
1 - 68% - 60% - 8:09
2 - 32% - 40% - 3:46
PK Defense
1 - 65% - 60% - 7:43
2 - 35% - 40% - 4:12
PK3 Forward
1 - 0% - 60%
2 - 0% - 40%
PK3 Defense
1 - 0% - 60%
2 - 0% - 40%
44 Forward
1 - 0% - 60%
2 - 0% - 40%
44 Defense
1 - 0% - 60%
2 - 0% - 40%
Last Minute Offensive - 0:00
Last Minute Defensive - 0:00
Total
Forward - 60:00
Defense - 60:00
|
Play-by-Play
1st period
0:01 of 1st period - Bo Horvat wins face-off versus Jordan Nolan in neutral zone.
0:12 of 1st period - Slapshot by Evander Kane.
0:12 of 1st period - Deflect By Bo Horvat.
0:12 of 1st period - Stopped by Ilya Sorokin with a rebound.
0:14 of 1st period - Wrist shot by Bo Horvat.
0:14 of 1st period - Stopped by Ilya Sorokin without a rebound.
0:15 of 1st period - Elias Pettersson wins face-off versus Calle Jarnkrok in Flyers zone.
0:16 of 1st period - Snap shot by Jason Zucker.
0:16 of 1st period - Goal by Jason Zucker - Flyers : 0 - Maple Leafs : 1.
0:17 of 1st period - Sam Bennett wins face-off versus Jakub Voracek in neutral zone.
1:04 of 1st period - Slapshot by Niclas Bergfors.
1:04 of 1st period - Shot Blocked by Haydn Fleury.
1:10 of 1st period - Snap shot by Bo Horvat.
1:10 of 1st period - Shot Hit the Post.
1:12 of 1st period - Slapshot by Haydn Fleury.
1:12 of 1st period - Shot Blocked by Jacob Trouba.
1:14 of 1st period - Slapshot by Brendan Guhle.
1:14 of 1st period - Shot Misses the Net.
1:51 of 1st period - Luke Schenn is hit by Brian Lashoff and loses puck.
2:44 of 1st period - Snap shot by Andre Burakovsky.
2:44 of 1st period - Stopped by Ilya Sorokin without a rebound.
2:45 of 1st period - Elias Pettersson wins face-off versus Jordan Nolan in Flyers zone.
6:13 of 1st period - Snap shot by Travis Konecny.
6:13 of 1st period - Stopped by Kristers Gudlevskis with a rebound.
7:16 of 1st period - Minor Penalty to Kasperi Kapanen for Holding.
7:17 of 1st period - Patrice Bergeron wins face-off versus Bo Horvat in Flyers zone.
7:24 of 1st period - Off-side.
7:25 of 1st period - Bo Horvat wins face-off versus Patrice Bergeron in neutral zone.
7:32 of 1st period - Evander Kane is hit by Max Pacioretty.
7:38 of 1st period - Wrist shot by Andre Burakovsky.
7:38 of 1st period - Stopped by Ilya Sorokin with a rebound.
7:58 of 1st period - Slapshot by Evander Kane.
7:58 of 1st period - Deflect By Ivan Provorov.
7:58 of 1st period - Stopped by Ilya Sorokin with a rebound.
8:04 of 1st period - Slapshot by Evander Kane.
8:04 of 1st period - Shot Misses the Net.
8:06 of 1st period - Snap shot by Bo Horvat.
8:06 of 1st period - Shot Blocked by Nathan Beaulieu.
8:10 of 1st period - Wrist shot by Evander Kane.
8:10 of 1st period - Goal by Evander Kane - Flyers : 0 - Maple Leafs : 2.
8:11 of 1st period - Jordan Nolan wins face-off versus Elias Pettersson in neutral zone.
8:14 of 1st period - Wrist shot by Kasperi Kapanen.
8:14 of 1st period - Stopped by Kristers Gudlevskis with a rebound.
8:58 of 1st period - Snap shot by Andre Burakovsky.
8:58 of 1st period - Stopped by Ilya Sorokin with a rebound.
9:00 of 1st period - Snap shot by Jon Merrill.
9:00 of 1st period - Deflect By Evander Kane.
9:00 of 1st period - Stopped by Ilya Sorokin with a rebound.
9:02 of 1st period - Wrist shot by Zach Werenski.
9:02 of 1st period - Shot Blocked by Patrice Bergeron.
9:04 of 1st period - Snap shot by Andre Burakovsky.
9:04 of 1st period - Shot Misses the Net.
11:41 of 1st period - Minor Penalty to Pontus Aberg for Hooking.
11:42 of 1st period - Ben Smith wins face-off versus Jordan Nolan in Maple Leafs zone.
12:15 of 1st period - Slapshot by Calle Jarnkrok.
12:15 of 1st period - Stopped by Kristers Gudlevskis without a rebound.
12:16 of 1st period - Calle Jarnkrok wins face-off versus Sam Bennett in Maple Leafs zone.
12:33 of 1st period - Wrist shot by Travis Konecny.
12:33 of 1st period - Stopped by Kristers Gudlevskis without a rebound.
12:34 of 1st period - Patrice Cormier wins face-off versus Jordan Nolan in Maple Leafs zone.
12:43 of 1st period - Ben Smith is hit by Kasperi Kapanen and loses puck.
13:41 of 1st period - Penalty to Pontus Aberg is over, Pontus Aberg is back on ice.
13:46 of 1st period - Wrist shot by Bo Horvat.
13:46 of 1st period - Stopped by Ilya Sorokin with a rebound.
13:52 of 1st period - Brendan Guhle is hit by Jakub Voracek and loses puck.
14:10 of 1st period - Off-side.
14:11 of 1st period - Travis Zajac wins face-off versus Elias Pettersson in neutral zone.
14:21 of 1st period - Ivan Provorov is hit by Zach Werenski and loses puck.
14:34 of 1st period - Minor Penalty to Andre Burakovsky for Tripping.
14:35 of 1st period - Patrice Cormier wins face-off versus Jordan Nolan in Maple Leafs zone.
15:02 of 1st period - Brendan Guhle is hit by Brian Lashoff and loses puck.
15:38 of 1st period - Off-side.
15:39 of 1st period - Jordan Nolan wins face-off versus Bo Horvat in neutral zone.
16:06 of 1st period - Patrice Cormier is hit by Calle Jarnkrok and loses puck.
16:11 of 1st period - Wrist shot by Travis Konecny.
16:11 of 1st period - Shot Blocked by Jon Merrill.
16:25 of 1st period - Brendan Guhle is hit by Ivan Provorov and loses puck.
16:34 of 1st period - Penalty to Andre Burakovsky is over, Andre Burakovsky is back on ice.
18:21 of 1st period - Jake Dotchin is hit by Evander Kane and loses puck.
18:40 of 1st period - Backhand shot by Jason Zucker.
18:40 of 1st period - Shot Blocked by Jake Dotchin.
18:57 of 1st period - Brian Lashoff is hit by Patrice Cormier and loses puck.
19:12 of 1st period - Michael Bournival is hit by Zach Werenski and loses puck.
19:45 of 1st period - Ivan Provorov is hit by Andre Burakovsky and loses puck.
Goals for this period are 0 for Flyers vs 2 for Maple Leafs.
Shots for this period are 4 for Flyers vs 10 for Maple Leafs.
2nd period
0:01 of 2nd period - Evander Kane wins face-off versus Jordan Nolan in neutral zone.
0:26 of 2nd period - Jon Merrill is hit by Calle Jarnkrok and loses puck.
1:31 of 2nd period - Jon Merrill is hit by Nick Ritchie and loses puck.
1:56 of 2nd period - Wrist shot by Calle Jarnkrok.
1:56 of 2nd period - Deflect By Max Pacioretty.
1:56 of 2nd period - Shot Misses the Net.
1:56 of 2nd period - Puck is out of play.
1:57 of 2nd period - Calle Jarnkrok wins face-off versus Bo Horvat in Maple Leafs zone.
2:04 of 2nd period - Slapshot by Max Pacioretty.
2:04 of 2nd period - Shot Misses the Net.
2:06 of 2nd period - Wrist shot by Calle Jarnkrok.
2:06 of 2nd period - Deflect By Luke Schenn.
2:06 of 2nd period - Shot Misses the Net.
2:06 of 2nd period - Puck is out of play.
2:07 of 2nd period - Bo Horvat wins face-off versus Calle Jarnkrok in Maple Leafs zone.
2:22 of 2nd period - Wrist shot by Evander Kane.
2:22 of 2nd period - Shot Hit the Post.
2:35 of 2nd period - Slapshot by Travis Konecny.
2:35 of 2nd period - Stopped by Kristers Gudlevskis without a rebound.
2:36 of 2nd period - Elias Pettersson wins face-off versus Jordan Nolan in Maple Leafs zone.
2:36 of 2nd period - Elias Pettersson is hit by Kasperi Kapanen.
4:33 of 2nd period - Snap shot by Jakub Voracek.
4:33 of 2nd period - Deflect By Patrice Bergeron.
4:33 of 2nd period - Stopped by Kristers Gudlevskis with a rebound.
4:45 of 2nd period - Wrist shot by Evander Kane.
4:45 of 2nd period - Shot Misses the Net.
4:47 of 2nd period - Slapshot by Jon Merrill.
4:47 of 2nd period - Shot Misses the Net.
5:05 of 2nd period - Kasperi Kapanen is hit by Nicholas Baptiste.
5:28 of 2nd period - Wrist shot by Jordan Nolan.
5:28 of 2nd period - Stopped by Kristers Gudlevskis without a rebound.
5:29 of 2nd period - Bo Horvat wins face-off versus Calle Jarnkrok in Maple Leafs zone.
5:36 of 2nd period - Snap shot by Andre Burakovsky.
5:36 of 2nd period - Shot Blocked by Cal Foote.
5:38 of 2nd period - Slapshot by Zach Werenski.
5:38 of 2nd period - Stopped by Ilya Sorokin without a rebound.
5:39 of 2nd period - Bo Horvat wins face-off versus Calle Jarnkrok in Flyers zone.
5:44 of 2nd period - Slapshot by Evander Kane.
5:44 of 2nd period - Shot Blocked by Jake Dotchin.
5:58 of 2nd period - Slapshot by Andre Burakovsky.
5:58 of 2nd period - Shot Misses the Net.
6:10 of 2nd period - Travis Konecny is hit by Zach Werenski and loses puck.
6:42 of 2nd period - Icing by Zach Werenski.
6:43 of 2nd period - Andre Burakovsky wins face-off versus Jordan Nolan in Maple Leafs zone.
6:43 of 2nd period - Andre Burakovsky is hit by Nick Ritchie.
6:52 of 2nd period - Minor Penalty to Jacob Trouba for Tripping.
6:53 of 2nd period - Elias Pettersson wins face-off versus Patrice Bergeron in Flyers zone.
7:55 of 2nd period - Evander Kane is hit by Ivan Provorov and loses puck.
8:52 of 2nd period - Penalty to Jacob Trouba is over, Jacob Trouba is back on ice.
9:01 of 2nd period - Wrist shot by Jordan Nolan.
9:01 of 2nd period - Stopped by Kristers Gudlevskis with a rebound.
9:03 of 2nd period - Snap shot by Jacob Trouba.
9:03 of 2nd period - Shot Blocked by Jon Merrill.
9:45 of 2nd period - Snap shot by Nick Ritchie.
9:45 of 2nd period - Stopped by Kristers Gudlevskis with a rebound.
9:47 of 2nd period - Snap shot by Kasperi Kapanen.
9:47 of 2nd period - Shot Misses the Net.
10:40 of 2nd period - Double Minor Penalty to Zach Werenski for Slashing.
10:41 of 2nd period - Calle Jarnkrok wins face-off versus Patrice Cormier in Maple Leafs zone.
11:06 of 2nd period - Ben Smith is hit by Nathan Beaulieu and loses puck.
14:40 of 2nd period - Penalty to Zach Werenski is over, Zach Werenski is back on ice.
14:56 of 2nd period - Snap shot by Pontus Aberg.
14:56 of 2nd period - Shot Misses the Net.
15:16 of 2nd period - Michael Bournival is hit by Pontus Aberg and loses puck.
15:29 of 2nd period - Travis Zajac is hit by Elias Pettersson.
15:50 of 2nd period - Max Pacioretty is hit by Ben Smith and loses puck.
16:01 of 2nd period - John Klingberg is hit by Jordan Nolan and loses puck.
16:14 of 2nd period - Cal Foote is hit by Pontus Aberg and loses puck.
16:33 of 2nd period - Niclas Bergfors is hit by Zach Werenski and loses puck.
16:46 of 2nd period - Wrist shot by Nick Ritchie.
16:46 of 2nd period - Shot Misses the Net.
17:30 of 2nd period - Michael Bournival is hit by Tyler Benson and loses puck.
17:43 of 2nd period - Jason Zucker is hit by Niclas Bergfors and loses puck.
17:50 of 2nd period - Jacob Trouba is hit by Ben Smith and loses puck.
18:27 of 2nd period - Snap shot by Pontus Aberg.
18:27 of 2nd period - Goal by Pontus Aberg - Flyers : 0 - Maple Leafs : 3.
18:28 of 2nd period - Bo Horvat wins face-off versus Jordan Nolan in neutral zone.
18:33 of 2nd period - Slapshot by Zach Werenski.
18:33 of 2nd period - Stopped by Ilya Sorokin with a rebound.
18:35 of 2nd period - Slapshot by Zach Werenski.
18:35 of 2nd period - Deflect By Bo Horvat.
18:35 of 2nd period - Stopped by Ilya Sorokin without a rebound.
18:36 of 2nd period - Bo Horvat wins face-off versus Jordan Nolan in Flyers zone.
18:43 of 2nd period - Snap shot by Evander Kane.
18:43 of 2nd period - Stopped by Ilya Sorokin with a rebound.
18:45 of 2nd period - Snap shot by Zach Werenski.
18:45 of 2nd period - Goal by Zach Werenski - Flyers : 0 - Maple Leafs : 4.
18:45 of 2nd period - Steve Mason enters game.
18:46 of 2nd period - Jordan Nolan wins face-off versus Bo Horvat in neutral zone.
19:03 of 2nd period - Wrist shot by Nick Ritchie.
19:03 of 2nd period - Goal by Nick Ritchie - Flyers : 1 - Maple Leafs : 4.
19:04 of 2nd period - Jordan Nolan wins face-off versus Bo Horvat in neutral zone.
19:17 of 2nd period - Wrist shot by Bo Horvat.
19:17 of 2nd period - Shot Misses the Net.
19:43 of 2nd period - Snap shot by Jason Zucker.
19:43 of 2nd period - Shot Misses the Net.
19:49 of 2nd period - Zach Werenski is hit by Travis Konecny and loses puck.
19:56 of 2nd period - Wrist shot by Travis Konecny.
19:56 of 2nd period - Shot Blocked by Ben Smith.
19:58 of 2nd period - Slapshot by Travis Konecny.
19:58 of 2nd period - Shot Misses the Net.
Goals for this period are 1 for Flyers vs 2 for Maple Leafs.
Shots for this period are 6 for Flyers vs 6 for Maple Leafs.
3rd period
0:01 of 3rd period - Bo Horvat wins face-off versus Jordan Nolan in neutral zone.
0:37 of 3rd period - Slapshot by Jason Zucker.
0:37 of 3rd period - Stopped by Steve Mason with a rebound.
0:39 of 3rd period - Slapshot by Zach Werenski.
0:39 of 3rd period - Shot Blocked by Jacob Trouba.
0:55 of 3rd period - Slapshot by Jakub Voracek.
0:55 of 3rd period - Shot Misses the Net.
1:09 of 3rd period - Jacob Trouba is hit by Luke Schenn and loses puck.
1:29 of 3rd period - Off-side.
1:30 of 3rd period - Patrice Cormier wins face-off versus Travis Zajac in neutral zone.
1:44 of 3rd period - Wrist shot by Niclas Bergfors.
1:44 of 3rd period - Shot Misses the Net.
2:29 of 3rd period - Wrist shot by Max Pacioretty.
2:29 of 3rd period - Shot Misses the Net.
2:31 of 3rd period - Snap shot by Nathan Beaulieu.
2:31 of 3rd period - Stopped by Kristers Gudlevskis without a rebound.
2:32 of 3rd period - Jakub Voracek wins face-off versus Elias Pettersson in Maple Leafs zone.
2:33 of 3rd period - Wrist shot by Patrice Bergeron.
2:33 of 3rd period - Stopped by Kristers Gudlevskis without a rebound.
2:34 of 3rd period - Patrice Bergeron wins face-off versus Ben Smith in Maple Leafs zone.
2:35 of 3rd period - Snap shot by Jakub Voracek.
2:35 of 3rd period - Stopped by Kristers Gudlevskis without a rebound.
2:36 of 3rd period - Bo Horvat wins face-off versus Jordan Nolan in Maple Leafs zone.
2:38 of 3rd period - Minor Penalty to Evander Kane for Tripping.
2:39 of 3rd period - Calle Jarnkrok wins face-off versus Patrice Cormier in Maple Leafs zone.
2:41 of 3rd period - Wrist shot by Travis Konecny.
2:41 of 3rd period - Stopped by Kristers Gudlevskis without a rebound.
2:42 of 3rd period - Calle Jarnkrok wins face-off versus Patrice Cormier in Maple Leafs zone.
2:57 of 3rd period - Backhand shot by Travis Konecny.
2:57 of 3rd period - Shot Misses the Net.
2:59 of 3rd period - Wrist shot by Max Pacioretty.
2:59 of 3rd period - Shot Misses the Net.
3:45 of 3rd period - Wrist shot by Sam Bennett.
3:45 of 3rd period - Shot Misses the Net.
4:38 of 3rd period - Penalty to Evander Kane is over, Evander Kane is back on ice.
5:14 of 3rd period - Slapshot by Travis Zajac.
5:14 of 3rd period - Stopped by Kristers Gudlevskis with a rebound.
5:16 of 3rd period - Slapshot by Brock Nelson.
5:16 of 3rd period - Shot Blocked by Zach Werenski.
5:18 of 3rd period - Slapshot by Cal Foote.
5:18 of 3rd period - Stopped by Kristers Gudlevskis with a rebound.
5:32 of 3rd period - Slapshot by Zach Werenski.
5:32 of 3rd period - Stopped by Steve Mason without a rebound.
5:33 of 3rd period - Calle Jarnkrok wins face-off versus Sam Bennett in Flyers zone.
5:40 of 3rd period - Snap shot by Max Pacioretty.
5:40 of 3rd period - Deflect By Calle Jarnkrok.
5:40 of 3rd period - Shot Misses the Net.
5:40 of 3rd period - Puck is out of play.
5:41 of 3rd period - Jordan Nolan wins face-off versus Bo Horvat in Maple Leafs zone.
6:12 of 3rd period - Snap shot by Pontus Aberg.
6:12 of 3rd period - Stopped by Steve Mason with a rebound.
6:14 of 3rd period - Slapshot by John Klingberg.
6:14 of 3rd period - Deflect By Tyler Benson.
6:14 of 3rd period - Shot Misses the Net.
6:14 of 3rd period - Puck is out of play.
6:15 of 3rd period - Elias Pettersson wins face-off versus Calle Jarnkrok in Flyers zone.
6:31 of 3rd period - Icing by Ivan Provorov.
6:32 of 3rd period - Max Pacioretty wins face-off versus Bo Horvat in Flyers zone.
6:57 of 3rd period - Wrist shot by Max Pacioretty.
6:57 of 3rd period - Stopped by Kristers Gudlevskis with a rebound.
6:59 of 3rd period - Slapshot by Nathan Beaulieu.
6:59 of 3rd period - Deflect By Calle Jarnkrok.
6:59 of 3rd period - Shot Misses the Net.
6:59 of 3rd period - Puck is out of play.
7:00 of 3rd period - Jordan Nolan wins face-off versus Elias Pettersson in Maple Leafs zone.
7:03 of 3rd period - Wrist shot by Jordan Nolan.
7:03 of 3rd period - Stopped by Kristers Gudlevskis with a rebound.
8:19 of 3rd period - Snap shot by Nicholas Baptiste.
8:19 of 3rd period - Shot Blocked by Jordan Nolan.
8:21 of 3rd period - Slapshot by Zach Werenski.
8:21 of 3rd period - Shot Misses the Net.
8:23 of 3rd period - Snap shot by Patrice Cormier.
8:23 of 3rd period - Shot Misses the Net.
8:25 of 3rd period - Wrist shot by Jon Merrill.
8:25 of 3rd period - Deflect By Patrice Cormier.
8:25 of 3rd period - Stopped by Steve Mason without a rebound.
8:26 of 3rd period - Andre Burakovsky wins face-off versus Patrice Bergeron in Flyers zone.
8:27 of 3rd period - Slapshot by Evander Kane.
8:27 of 3rd period - Shot Misses the Net.
8:29 of 3rd period - Snap shot by Evander Kane.
8:29 of 3rd period - Shot Misses the Net.
8:31 of 3rd period - Slapshot by Zach Werenski.
8:31 of 3rd period - Deflect By Evander Kane.
8:31 of 3rd period - Shot Blocked by Jake Dotchin.
8:31 of 3rd period - Puck is out of play.
8:32 of 3rd period - Bo Horvat wins face-off versus Patrice Bergeron in Flyers zone.
8:47 of 3rd period - Slapshot by Bo Horvat.
8:47 of 3rd period - Stopped by Steve Mason with a rebound.
8:49 of 3rd period - Snap shot by Andre Burakovsky.
8:49 of 3rd period - Deflect By Evander Kane.
8:49 of 3rd period - Shot Blocked by Jake Dotchin.
8:49 of 3rd period - Puck is out of play.
8:50 of 3rd period - Jordan Nolan wins face-off versus Elias Pettersson in Flyers zone.
8:50 of 3rd period - Jordan Nolan is hit by Ben Smith.
8:56 of 3rd period - Jacob Trouba is hit by Jon Merrill and loses puck.
9:03 of 3rd period - Wrist shot by Brian Lashoff.
9:03 of 3rd period - Deflect By Jordan Nolan.
9:03 of 3rd period - Shot Misses the Net.
9:03 of 3rd period - Puck is out of play.
9:04 of 3rd period - Kasperi Kapanen wins face-off versus Bo Horvat in Maple Leafs zone.
9:09 of 3rd period - Wrist shot by Nick Ritchie.
9:09 of 3rd period - Goal by Nick Ritchie - Flyers : 2 - Maple Leafs : 4.
9:10 of 3rd period - Jordan Nolan wins face-off versus Bo Horvat in neutral zone.
9:17 of 3rd period - Slapshot by Zach Werenski.
9:17 of 3rd period - Shot Blocked by Kasperi Kapanen.
9:19 of 3rd period - Slapshot by Zach Werenski.
9:19 of 3rd period - Shot Misses the Net.
9:21 of 3rd period - Snap shot by Evander Kane.
9:21 of 3rd period - Stopped by Steve Mason without a rebound.
9:22 of 3rd period - Jordan Nolan wins face-off versus Evander Kane in Flyers zone.
9:30 of 3rd period - Icing by Jacob Trouba.
9:31 of 3rd period - Andre Burakovsky wins face-off versus Jordan Nolan in Flyers zone.
9:50 of 3rd period - Wrist shot by Kasperi Kapanen.
9:50 of 3rd period - Shot Blocked by Bo Horvat.
9:52 of 3rd period - Slapshot by Jacob Trouba.
9:52 of 3rd period - Stopped by Kristers Gudlevskis without a rebound.
9:53 of 3rd period - Calle Jarnkrok wins face-off versus Elias Pettersson in Maple Leafs zone.
9:54 of 3rd period - Snap shot by Max Pacioretty.
9:54 of 3rd period - Shot Misses the Net.
10:19 of 3rd period - Andre Burakovsky is hit by Nathan Beaulieu and loses puck.
10:30 of 3rd period - Snap shot by Jordan Nolan.
10:30 of 3rd period - Stopped by Kristers Gudlevskis with a rebound.
10:32 of 3rd period - Snap shot by Brian Lashoff.
10:32 of 3rd period - Shot Misses the Net.
11:38 of 3rd period - Snap shot by Patrice Cormier.
11:38 of 3rd period - Shot Misses the Net.
11:48 of 3rd period - Wrist shot by Nick Ritchie.
11:48 of 3rd period - Stopped by Kristers Gudlevskis with a rebound.
11:50 of 3rd period - Snap shot by Nick Ritchie.
11:50 of 3rd period - Shot Misses the Net.
12:08 of 3rd period - Minor Penalty to Andre Burakovsky for Interference.
12:09 of 3rd period - Patrice Cormier wins face-off versus Nick Ritchie in Maple Leafs zone.
12:50 of 3rd period - Ben Smith is hit by Calle Jarnkrok and loses puck.
13:29 of 3rd period - Nathan Beaulieu is hit by Haydn Fleury and loses puck.
14:08 of 3rd period - Penalty to Andre Burakovsky is over, Andre Burakovsky is back on ice.
14:22 of 3rd period - Wrist shot by Brock Nelson.
14:22 of 3rd period - Stopped by Kristers Gudlevskis without a rebound.
14:23 of 3rd period - Bo Horvat wins face-off versus Travis Zajac in Maple Leafs zone.
14:23 of 3rd period - Bo Horvat is hit by Travis Zajac.
15:10 of 3rd period - Slapshot by Jordan Nolan.
15:10 of 3rd period - Shot Misses the Net.
15:12 of 3rd period - Wrist shot by Jordan Nolan.
15:12 of 3rd period - Shot Misses the Net.
15:14 of 3rd period - Slapshot by Jacob Trouba.
15:14 of 3rd period - Shot Blocked by Brendan Guhle.
15:16 of 3rd period - Slapshot by Jacob Trouba.
15:16 of 3rd period - Stopped by Kristers Gudlevskis with a rebound.
15:18 of 3rd period - Slapshot by Brian Lashoff.
15:18 of 3rd period - Stopped by Kristers Gudlevskis with a rebound.
15:50 of 3rd period - Snap shot by Sam Bennett.
15:50 of 3rd period - Stopped by Steve Mason without a rebound.
15:51 of 3rd period - Patrice Bergeron wins face-off versus Sam Bennett in Flyers zone.
15:53 of 3rd period - Icing by Jakub Voracek.
15:54 of 3rd period - Jakub Voracek wins face-off versus Sam Bennett in Flyers zone.
16:07 of 3rd period - Snap shot by Pontus Aberg.
16:07 of 3rd period - Shot Blocked by Nathan Beaulieu.
16:09 of 3rd period - Wrist shot by Pontus Aberg.
16:09 of 3rd period - Shot Misses the Net.
16:26 of 3rd period - Snap shot by Andre Burakovsky.
16:26 of 3rd period - Deflect By Evander Kane.
16:26 of 3rd period - Shot Blocked by Jordan Nolan.
16:26 of 3rd period - Puck is out of play.
16:27 of 3rd period - Sam Bennett wins face-off versus Jordan Nolan in Flyers zone.
16:55 of 3rd period - Off-side.
16:56 of 3rd period - Bo Horvat wins face-off versus Patrice Bergeron in neutral zone.
17:01 of 3rd period - Slapshot by Jon Merrill.
17:01 of 3rd period - Stopped by Steve Mason with a rebound.
17:21 of 3rd period - Snap shot by Andre Burakovsky.
17:21 of 3rd period - Stopped by Steve Mason with a rebound.
17:23 of 3rd period - Snap shot by John Klingberg.
17:23 of 3rd period - Stopped by Steve Mason with a rebound.
17:25 of 3rd period - Snap shot by Andre Burakovsky.
17:25 of 3rd period - Stopped by Steve Mason without a rebound.
17:26 of 3rd period - Sam Bennett wins face-off versus Jordan Nolan in Flyers zone.
17:37 of 3rd period - Snap shot by Sam Bennett.
17:37 of 3rd period - Shot Misses the Net.
17:39 of 3rd period - Wrist shot by Tyler Benson.
17:39 of 3rd period - Stopped by Steve Mason without a rebound.
17:40 of 3rd period - Sam Bennett wins face-off versus Patrice Bergeron in Flyers zone.
17:49 of 3rd period - Slapshot by Jacob Trouba.
17:49 of 3rd period - Stopped by Kristers Gudlevskis with a rebound.
18:07 of 3rd period - Nick Ritchie is hit by Bo Horvat and loses puck.
18:20 of 3rd period - Wrist shot by Andre Burakovsky.
18:20 of 3rd period - Shot Blocked by Brian Lashoff.
18:43 of 3rd period - Snap shot by Travis Konecny.
18:43 of 3rd period - Stopped by Kristers Gudlevskis without a rebound.
18:44 of 3rd period - Patrice Bergeron wins face-off versus Sam Bennett in Maple Leafs zone.
18:56 of 3rd period - Minor Penalty to Jakub Voracek for Interference.
18:57 of 3rd period - Bo Horvat wins face-off versus Patrice Bergeron in Flyers zone.
19:29 of 3rd period - Wrist shot by Elias Pettersson.
19:29 of 3rd period - Stopped by Steve Mason with a rebound.
19:47 of 3rd period - Patrice Bergeron is hit by Ben Smith and loses puck.
Goals for this period are 1 for Flyers vs 0 for Maple Leafs.
Shots for this period are 17 for Flyers vs 13 for Maple Leafs.